 Dungeon Crawl Stone Soup version 0.17-a0-2027-gcac42c4 (webtiles) character file.

72 radek the Skirmisher (level 4, 0/73 HPs)
             Began as an Ogre Berserker on Oct 10, 2015.
             Was a Believer of Trog.
             Slain by Sigmund
             ... wielding a +0 scythe
              (7 damage)
             ... on level 2 of the Dungeon.
             The game lasted 00:06:19 (1163 turns).

radek the Skirmisher (Ogre Berserker)               Turns: 1163, Time: 00:06:19

Health: 0/73       AC:  3    Str: 28    XL:     4   Next: 26%
Magic:  4/4        EV: 10    Int:  6    God:    Trog [**....]
Gold:   90         SH:  0    Dex:  9    Spells: 0 memorised, 3 levels left

rFire  x . .     SeeInvis .     o - +0 mace
rCold  + . .     Clarity  .     k - +0 robe
rNeg   . . .     SustAt   .     (no shield)
rPois  .         Gourm    .     (helmet restricted)
rElec  .         Spirit   .     (no cloak)
rCorr  .         Warding  .     (gloves unavailable)
rMut   .         Stasis   .     (boots unavailable)
MR     .....                    (no amulet)
Stlth  ..........               j - ring of stealth
                                g - ring of ice

@: berserking, very quick, not resistant to hostile enchantments, extremely
unstealthy
A: unfitting armour, tough skin 1
a: Burn Spellbooks, Berserk, Trog's Hand, Renounce Religion


You were on level 2 of the Dungeon.
You worshipped Trog.
Trog was pleased with you.
You were not hungry.

You visited 1 branch of the dungeon, and saw 2 of its levels.

You collected 90 gold pieces.

Inventory:

Hand Weapons
 a - a +0 mace
 m - a +0 dagger
 o - a +0 mace (weapon)
Missiles
 e - 4 javelins (quivered)
Armour
 b - a +0 animal skin
 k - a +0 robe (worn)
Jewellery
 g - a ring of ice (left hand)
 j - a ring of stealth (right hand)
 n - an uncursed amulet of faith {unknown}
Scrolls
 f - a scroll of remove curse {unknown}
 h - 3 scrolls of identify {unknown}
 l - a scroll of teleportation {unknown}
Potions
 i - a potion of curing {unknown}
Comestibles
 c - 2 bread rations
 d - 5 chunks of flesh


   Skills:
 + Level 4.8 Fighting
 + Level 4.7 Maces & Flails
 + Level 0.4 Throwing
 + Level 3.4 Dodging
 + Level 0.6 Stealth


You had 3 spell levels left.
You didn't know any spells.

Dungeon Overview and Level Annotations

Branches:
Dungeon (2/15)

Altars:

Annotations:
D:2 Sigmund


Innate Abilities, Weirdness & Mutations

You are too large for most types of armour.
You have tough skin (AC +1).


Message History

Something hits you.
You see here a dagger.
There isn't anything to butcher here.
m - a dagger Something hits you.
Something hits you but does no damage.
You see here a leather armour.
A puff of flame appears from out of thin air!
The puff of flame hits you! The fire burns you terribly!
* * * LOW HITPOINT WARNING * * *
You see here a leather armour.
Use which ability?
A red film seems to cover your vision as you go berserk!
You feel yourself moving faster!
You feel mighty!
You feel quite a bit more hungry. Something hits you!
* * * LOW HITPOINT WARNING * * *
You are too berserk!
You feel a strong urge to attack something.
Something hits you!
You die...

#.# #..#
#.# ##.##
#.# #..#
#.# ##.#
#.## #..#
#### ##.#
... #[##
.# #.@#
.# ##{#
.#
#........
.#
#........
.#
#........
.#
#........
.#
#........
.#
#..>.....
.#
#........


There were no monsters in sight!

Vanquished Creatures
  Ijyb (D:2)
  An adder (D:2)
  A giant gecko (D:2)
  3 ball pythons
  4 giant cockroaches
  3 jackals (D:1)
  4 kobolds
  6 bats
  3 giant newts
  6 goblins
  3 rats (D:1)
35 creatures vanquished.

Notes
Turn   | Place    | Note
--------------------------------------------------------------
     0 | D:1      | radek the Ogre Berserker began the quest for the Orb.
     0 | D:1      | Reached XP level 1. HP: 24/24 MP: 1/1
   173 | D:1      | Reached XP level 2. HP: 32/32 MP: 2/2
   313 | D:1      | Acquired Trog's second power
   670 | D:1      | Reached XP level 3. HP: 40/40 MP: 3/3
  1141 | D:2      | Noticed Ijyb
  1144 | D:2      | Noticed Sigmund
  1155 | D:2      | Killed Ijyb
  1155 | D:2      | Reached XP level 4. HP: 28/49 MP: 4/4
  1163 | D:2      | Slain by Sigmund

Vault maps used:
D:1:      roderic_chinese_lattice_arrival, nrook_mini_backslash
D:2:      serial_bayou_pond_e, minmay_misc_feat_plants, uniq_iyjb, uniq_sigmund

Action                   |  1- 3 |  4- 6 || total
-------------------------+-------+-------++-------
Melee: Mace              |   103 |       ||   103
Throw: Javelin           |     4 |       ||     4
Invok: Berserk           |       |     1 ||     1
 Stab: Sleeping          |     2 |       ||     2
  Eat: Chunk             |     1 |       ||     1
